 Dungeon Crawl Stone Soup version 0.30-a0-393-g54b8e3be05 (webtiles) character file.

Game seed: 17772033411184941164

65 SmokeWeed the Trooper (level 4, 0/36 HPs)
             Began as a Hill Orc Fighter on Dec 5, 2022.
             Slain by a goblin
             ... wielding a +0 club
             ... led by Robin
              (2 damage)
             ... on level 3 of the Dungeon.
             The game lasted 00:05:16 (1733 turns).

SmokeWeed the Trooper (Hill Orc Fighter)            Turns: 1733, Time: 00:05:17

Health: 0/36       AC:  9    Str: 18    XL:     4   Next: 13%
Magic:  4/4        EV:  9    Int: 10    God:
Gold:   57         SH:  4    Dex: 10    Spells: 3/3 levels left

rFire   . . .      SeeInvis .    f - +0 mace
rCold   . . .      Faith    .    c - +0 buckler
rNeg    . . .      Spirit   .    b - +0 scale mail
rPois   .          Reflect  .    (no helmet)
rElec   .          Harm     .    (no cloak)
rCorr   .          Rampage  .    r - +0 pair of gloves
Will    +....                    (no boots)
Stlth   ..........               (no amulet)
HPRegen 0.26/turn                (no ring)
MPRegen 0.09/turn                (no ring)

@: mighty, lethally poisoned (0 -> -10)
A: frail 1, strong-willed 1, shaggy fur 1
a: no special abilities


You were on level 3 of the Dungeon.
You visited 1 branch of the dungeon, and saw 3 of its levels.

You collected 57 gold pieces.

Inventory:

Hand Weapons
 a - a +0 flail
 f - a +0 mace (weapon)
Missiles
 l - a javelin (quivered)
Armour
 b - a +0 scale mail (worn)
 c - a +0 buckler (worn)
 r - a +0 pair of gloves (worn)
Wands
 q - a wand of mindburst (23)
Scrolls
 k - 2 scrolls of teleportation {unknown}
 m - a scroll of identify {unknown}
 n - a scroll of fear {unknown}
 o - a scroll of poison {unknown}
 p - a scroll of fog {unknown}
Potions
 e - a potion of flight {unknown}
 g - a potion of heal wounds {unknown}
 h - a potion of resistance {unknown}
 i - a potion of haste {unknown}
 j - a potion of mutation
 s - a potion of invisibility {unknown}


   Skills:
 + Level 4.1 Fighting
 + Level 3.0 Maces & Flails
 + Level 4.0 Armour
 + Level 0.2 Dodging
 + Level 3.8 Shields


You had 3 spell levels left.
You didn't know any spells.
Your spell library was empty.

Dungeon Overview and Level Annotations

Branches:
Dungeon (3/15)

Altars:

Annotations:
D:3 Robin


Innate Abilities, Weirdness & Mutations

You are frail. (-10% HP)
You are strong-willed. (Will+)
You are covered in fur. (AC +1)


Message History

The goblins go into a battle-frenzy!
The goblin shoots a sling bullet.
The sling bullet hits you.
You feel sick. The goblin closely misses you.
The goblin hits you with a +1 dagger of venom.
You are more poisoned.
Robin roars a battlecry!
The hobgoblin goes into a battle-frenzy!
The goblin hits you with a +0 dagger.
The goblin unwields a +0 sling.
The goblin wields a +0 club.
The goblin hits you with a +0 club.
Throw: 2 javelins
Press: ? - help, Q - select action, (/) - cycle Shift-Dir - straight line, f - goblin, p - goblin
Aim: a goblin, wielding a +0 club (strong, 50% to hit)
You throw a javelin. The javelin barely misses the goblin.
The javelin misses the goblin.
The javelin pierces through Robin.
Robin is lightly wounded.
You feel very sick.
The goblin closely misses you. x2; The goblin hits you but does no damage.
The goblin closely misses you. x3
The goblin hits you with a +1 dagger of venom.
You are lethally poisoned!
The goblin hits you with a +0 club. The goblin completely misses you. x2
You feel very mighty all of a sudden.
You feel very sick. The goblin hits you with a +0 club.
* * * LOW HITPOINT WARNING * * *
You block the goblin's attack. x3; The goblin hits you but does no damage.
It was a potion of mutation.
You feel extremely strange. Fur sprouts all over your body.
You feel frail.
You feel strong-willed.
* * * LOW HITPOINT WARNING * * *
You feel very sick. The goblin barely misses you.
The goblin hits you but does no damage. The goblin barely misses you.
You block the goblin's attack. The goblin barely misses you.
You sock the goblin!
You kill the goblin!
* * * LOW HITPOINT WARNING * * *
You feel very sick. The goblin hits you with a +0 club.
You die...

##..# ## (. ......
#.. .....#
#.###..#.# #.#
#.....gg.
#.###....ggg
.........gg#
........g)@#
#........gg#
#..........#
#..........#
#######.########.#
.................#
###..........###.#
#....(.....# #.#
#..........# #.#


You could see Robin, a hobgoblin (strong) and 8 goblins.

Vanquished Creatures
  2 adders
  A dart slug (D:1)
  An orc (D:2)
  4 endoplasms
  4 goblins
  3 hobgoblins (D:1)
  4 jackals (D:1)
  3 quokkas (D:1)
  A ball python (D:2)
  6 bats
  7 kobolds
  4 rats (D:1)
40 creatures vanquished.

Notes
Turn   | Place    | Note
-------+----------+-------------------------------------------
     0 | D:1      | SmokeWeed the Hill Orc Fighter began the quest for the Orb.
     0 | D:1      | Reached XP level 1. HP: 19/19 MP: 1/1
   144 | D:1      | Reached XP level 2. HP: 20/27 MP: 2/2
   493 | D:1      | Reached XP level 3. HP: 32/33 MP: 3/3
  1696 | D:3      | Reached XP level 4. HP: 40/40 MP: 4/4
  1725 | D:3      | Noticed Robin
  1732 | D:3      | Gained mutation: You are covered in fur. (AC +1) [potion of
                  | mutation]
  1732 | D:3      | Gained mutation: You are frail. (-10% HP) [potion of
                  | mutation]
  1732 | D:3      | Gained mutation: You are strong-willed. (Will+) [potion of
                  | mutation]
  1733 | D:3      | Slain by a goblin

Illustrated notes

Levels and vault maps discovered:
D:1:      denvon_arrival_waterhouse, layout_basic, kennysheep_nondescript
D:2:      layout_loops_corners
D:3:      layout_basic, grunt_temple_overflow_champion_of_chaos, uniq_robin

Skill      XL: |  1  2  3 |
---------------+----------+-----
Fighting       | 4 |  4.1
Maces & Flails | 3 |  3.0
Armour         | 4 |  4.0
Dodging        | |  0.2
Shields        | |  3.8

Action                   |  1- 3 |  4- 6 || total
-------------------------+-------+-------++-------
Melee: Mace              |   105 |     4 ||   109
Throw: Javelin           |       |     2 ||     2
  Use: Potion            |       |     2 ||     2
Armor: Scale mail        |    67 |     4 ||    71
Dodge: Dodged            |    60 |    14 ||    74
Block: Buckler           |    26 |     6 ||    32

Table legend: (Time is in decaauts)
 A = Elapsed time spent in this place.
 B = Non-inter-level travel time spent in this place.
 C = Inter-level travel time spent in this place.
 D = Time resting spent in this place.
 E = Time spent auto-exploring this place.
 F = Levels seen in this place.
 G = Mean time per level.
                   A        B        C        D        E       F      G
               +--------+--------+--------+--------+--------+-----+--------+
         Total |   1768 |   1711 |     57 |      0 |   1434 |   3 |  589.3 |
       Dungeon |   1768 |   1711 |     57 |      0 |   1434 |   3 |  589.3 |
               +--------+--------+--------+--------+--------+-----+--------+

Top non-repeatable levels by time:
     D:1: 938 daAuts
     D:2: 783 daAuts
     D:3: 47 daAuts
